 Dungeon Crawl Stone Soup version 0.19-a0-1188-g4c2e17c (webtiles) character file.

36 PurpleRed the Conjurer (level 3, -1/19 HPs)
             Began as a Deep Elf Conjurer on Aug 18, 2016.
             Slain by a giant frog (3 damage)
             ... on level 4 of the Dungeon.
             The game lasted 00:03:48 (526 turns).

PurpleRed the Conjurer (Deep Elf Conjurer)           Turns: 526, Time: 00:03:49

Health: -1/19      AC:  3    Str:  5    XL:     3   Next: 19%
Magic:  5/10       EV: 13    Int: 20    God:
Gold:   72         SH:  0    Dex: 15    Spells: 2 memorised, 7 levels left

rFire  . . .     SeeInvis .     k - +0 war axe
rCold  . . .     Gourm    .     a - +0 robe
rNeg   . . .     Faith    .     (no shield)
rPois  .         Spirit   .     j - +0 helmet
rElec  .         Dismiss  .     (no cloak)
rCorr  .         Reflect  .     (no gloves)
MR     .....     Harm     .     (no boots)
Stlth  ++........               (no amulet)
                                (no ring)
                                (no ring)

@: no status effects
A: talons 1
a: no special abilities


You were on level 4 of the Dungeon.
You were not hungry.

You visited 1 branch of the dungeon, and saw 4 of its levels.

You collected 72 gold pieces.

Inventory:

Hand Weapons
 k - a +0 war axe (weapon)
Missiles
 h - 5 tomahawks (quivered)
Armour
 a - a +0 robe (worn)
 j - a +0 helmet (worn)
Scrolls
 f - a scroll of fear
 i - a scroll of fog {unknown}
Books
 b - a book of Conjurations

   Spells                             Type                      Level
   a - Magic Dart                     Conjuration                  1
   b - Searing Ray                    Conjuration                  2
   c - Dazzling Spray                 Conjuration/Hexes            3
   d - Fulminant Prism                Conjuration/Hexes            4
   e - Iskenderun's Mystic Blast      Conjuration                  4
   f - Iskenderun's Battlesphere      Conjuration/Charms           5
Comestibles
 c - 2 bread rations
 g - a meat ration


   Skills:
 - Level 2.4 Dodging
 - Level 2.4 Stealth
 + Level 4.0 Spellcasting
 * Level 5.1 Conjurations


You had 7 spell levels left.
You knew the following spells:

 Your Spells              Type           Power        Failure   Level  Hunger
a - Magic Dart            Conj           ###.         1%          1    None
b - Searing Ray           Conj           ###...       2%          2    #......


Dungeon Overview and Level Annotations

Branches:
Dungeon (4/15)
 Temple: D:4-7

Altars:


Innate Abilities, Weirdness & Mutations

You have sharp toenails.


Message History

Things that are here:
a flail; an orc corpse
Things that are here:
a whip; an orc corpse
Found a ring mail and a meat ration.
The giant frog gives a loud, deep croak!
Found a runed citrine amulet.
You see here 5 gold pieces.
Casting: Searing Ray
Confirm with . or Enter, or press ? or * to list all spells.
Okay, then.
The giant frog hits you! The giant frog hits you!
* * * LOW HITPOINT WARNING * * *
Things that are here:
a whip; an orc corpse It was a potion of beneficial mutation.
Your toenails lengthen and sharpen.
You feel fantastic! The giant frog hits you.
You die...

!....# ##...# #....# ##.#.#
### #.##.#.# # ..
#....#.############# ###.##.
######.............)
.%.....########..##..#....#..
.[.....$...F@.)..#........<..
.......####...)........#.#...
....... #.........#..#.....
....... #.....##.##..#.#.#.
....... #.....#.####>#.#...
....".. #.....#P ..#.##.#
######. ........## #.#.. ..
#. .....†.## #.... .#
........# ###


You could see a giant frog.

Vanquished Creatures
  An adder (D:2)
  A dart slug (D:3)
  5 orcs (D:4)
  A giant cockroach (D:3)
  4 hobgoblins
  2 jackals (D:2)
  A quokka (D:2)
  A bat (D:2)
  3 giant newts
19 creatures vanquished.

Notes
Turn   | Place    | Note
-------+----------+-------------------------------------------
     0 | D:1      | PurpleRed the Deep Elf Conjurer began the quest for the Orb.
     0 | D:1      | Reached XP level 1. HP: 10/10 MP: 6/6
   111 | D:2      | Reached XP level 2. HP: 5/15 MP: 0/8
   150 | D:2      | Learned a level 2 spell: Searing Ray
   355 | D:3      | Reached skill level 5 in Conjurations
   460 | D:4      | Noticed a giant frog
   468 | D:4      | Reached XP level 3. HP: 14/19 MP: 6/10
   526 | D:4      | Gained mutation: You have sharp toenails. [potion of beneficial mutation]
   526 | D:4      | Slain by a giant frog

Vault maps used:
D:1:      zaba_arrival_water
D:3:      grunt_qazlal_clouds, uniq_jessica, uniq_grinder
D:4:      minmay_opposing_rooms, nicolae_ru_the_path_less_chosen, uniq_robin

Skill      XL: |  1  2  3 |
---------------+----------+-----
Conjurations   | 5 |  5.1
Spellcasting   | 4 |  4.0
Dodging        | |  2.4
Stealth        | |  2.4

Action                   || total
-------------------------++-------
Melee: Club              ||    17
       Unarmed           ||     1
 Cast: Magic Dart        ||    39
       Searing Ray       ||     2
  Use: Scroll            ||     4
       Potion            ||     1
Armor: Robe              ||     7
Dodge: Dodged            ||    38
